Map: Eternal Empire LE

Players

llllllllllll

  • Race: Protoss Protoss
  • League: Master
  • Spawn Location: 1:00

spyderslayer - Winner!

  • Race: Zerg Zerg
  • League: Master
  • Spawn Location: 7:00

VOD

Have the link to the VOD?

Description

Time

  • Played on: Dec. 3, 2019, 2 p.m.
  • Length: 2:24
Show
View Real Time Build Order
Export as new Build Order

llllllllllll Protoss 

Build Orders:  

Get SALT Encoding   

  12  0:01  Probe  
  13  0:13  Probe  
  14  0:20  Pylon  
  14  0:25  Probe (Chrono Boost)  
  15  0:38  Probe (Chrono Boost)  
  15  0:42  Gateway  
  16  0:46  Probe  
  16  0:49  Assimilator  
  17  0:58  Probe  
  18  1:10  Probe  
  19  1:17  Forge  
  19  1:22  Probe  
  20  1:30  Pylon  
  20  1:31  Pylon  
  20  1:35  Pylon  
  20  1:37  Pylon  
  20  1:51  Photon Cannon, Gateway  
  20  1:59  Photon Cannon  
  20  2:07  Photon Cannon  
  20  2:08  Photon Cannon  
  20  2:13  Photon Cannon  
  20  2:21  Photon Cannon  
Show
View Real Time Build Order
Export as new Build Order

spyderslayer Zerg - Winner!

Build Orders: Hatch First 

Get SALT Encoding   

  12  0:03  Drone  
  13  0:16  Overlord  
  13  0:25  Drone  
  14  0:35  Drone x2  
  16  0:38  Drone  
  17  0:57  Hatchery, Drone  
  17  1:02  Extractor  
  16  1:04  Drone  
  17  1:16  Spawning Pool  
  16  1:21  Drone  
  16  1:25  Drone  
  18  1:33  Drone  
  19  1:42  Drone  
  20  2:02  Hatchery  
Tags
 
Add a new tag
Caveats
  • Supply blocks, unpowered buildings, or Contaminate may cause inaccurate times.
  • Supply counts are checked every 10 seconds.